 Dungeon Crawl Stone Soup version 0.19-a0 (webtiles) character file.

7761 beholder the Pandemonic (level 11, -6/87 HPs)
             Began as a Demonspawn Monk on Apr 26, 2016.
             Was a High Priest of Makhleb.
             Mangled by a hill giant
             ... wielding a +0 giant club
              (21 damage)
             ... on level 11 of the Dungeon on Apr 27, 2016.
             The game lasted 03:19:59 (13304 turns).

beholder the Pandemonic (Demonspawn Monk)          Turns: 13304, Time: 03:19:59

Health: -6/87      AC: 11    Str: 20    XL:     11   Next: 1%
Magic:  0/18       EV: 15    Int: 15    God:    Makhleb [*****.]
Gold:   504        SH:  6    Dex: 15    Spells: 0 memorised, 10 levels left

rFire  + + .     SeeInvis +     v - +9 flail "Morphaex" {crush, rN+ Str-5 Int+4}
rCold  + . .     Gourm    .     r - +0 scale mail of Lies {rElec rF+}
rNeg   + . .     Faith    .     s - +1 buckler
rPois  .         Spirit   +     (helmet restricted)
rElec  +         Dismiss  .     S - +0 cloak
rCorr  .         Reflect  .     A - +0 pair of gloves
SustAt .         Harm     .     Y - +0 pair of boots
MR     .....                    f - amulet of guardian spirit
Stlth  +.........               R - +6 ring of strength
                                T - ring "Betozuun" {rC+ Str+3 SInv}

@: not resistant to hostile enchantments, very unstealthy
A: antennae 1, repulsion field 2, demonic guardian 1, fire resistance 1
a: Minor Destruction, Lesser Servant of Makhleb, Major Destruction, Greater
Servant of Makhleb, Renounce Religion


You were on level 11 of the Dungeon.
You worshipped Makhleb.
Makhleb was extremely pleased with you.
You were hungry.

You visited 1 branch of the dungeon, and saw 11 of its levels.
You also visited: Sewer.

You collected 665 gold pieces.
You spent 161 gold pieces at shops.

Inventory:

Hand Weapons
 p - a +0 flail of protection
 v - the +9 flail "Morphaex" (weapon) {crush, rN+ Str-5 Int+4}
   (You bought it in a shop on level 4 of the Dungeon)

   It inflicts extra damage upon your enemies.
   It affects your strength (-5).
   It affects your intelligence (+4).
   It protects you from negative energy.
 L - a +1 whip of flaming
Missiles
 q - 11 tomahawks (quivered)
Armour
 r - the +0 scale mail of Lies (worn) {rElec rF+}
   (You found it on level 7 of the Dungeon)

   It protects you from fire.
   It insulates you from electricity.
 s - a +1 buckler (worn)
 A - a +0 pair of gloves (worn)
 S - a +0 cloak (worn)
 Y - a +0 pair of boots (worn)
Magical Staves
 Q - an uncursed staff of conjuration
Jewellery
 e - an uncursed ring of protection from fire
 f - an amulet of guardian spirit (around neck)
 H - an uncursed ring of resist corrosion
 I - an uncursed ring of stealth
 O - an uncursed ring of sustain attributes
 R - a +6 ring of strength (right hand)
 T - the ring "Betozuun" (left hand) {rC+ Str+3 SInv}
   (You found it on level 9 of the Dungeon)

   [ring of see invisible]

   It affects your strength (+3).
   It protects you from cold.
   It lets you see invisible.
Wands
 h - a wand of flame (3/48)
 D - a wand of iceblast (5/15)
 K - a wand of lightning (0/15)
 P - a wand of random effects (1/48)
 V - a wand of flame (24/48)
 X - a wand of random effects (27/48)
Scrolls
 c - 2 scrolls of fog
 g - 5 scrolls of teleportation
 j - a scroll of enchant armour
 x - a scroll of vulnerability {unknown}
 y - 2 scrolls of fear {unknown}
 z - 3 scrolls of magic mapping
 B - a scroll of noise
 E - a scroll of amnesia
 M - 2 scrolls of recharging
 W - a scroll of enchant weapon {unknown}
Potions
 a - 3 potions of agility
 l - 8 potions of flight
 m - 2 potions of haste
 n - a potion of might
 u - a potion of invisibility {unknown}
 w - a potion of magic {unknown}
 C - a potion of lignification
 F - 2 potions of curing {unknown}
 J - a potion of heal wounds
 N - a potion of cancellation
 U - a potion of brilliance {unknown}
Miscellaneous
 o - a plain deck of changes {drawn: 5}
Comestibles
 b - 11 bread rations
 k - 25 fruits
 t - 2 meat rations
 G - 3 beef jerkies


   Skills:
 + Level 8.9 Fighting
 + Level 6.9 Maces & Flails
 + Level 6.5 Armour
 - Level 5.0 Dodging
 - Level 1.7 Stealth
 - Level 4.4 Shields
 - Level 4.0 Unarmed Combat
 - Level 10.0 Invocations


You had 10 spell levels left.
You didn't know any spells.

Dungeon Overview and Level Annotations

Branches:
Dungeon (11/15)            Temple (0/1) D:7            Lair (0/8) D:11
    Orc (0/2) D:9

Altars:
Cheibriados
Dithmenos
Elyvilon
Fedhas
Gozag
Kikubaaqudgha
Makhleb
Nemelex Xobeh
Pakellas
Qazlal
Sif Muna
Xom
Yredelemnul

Shops:
D:4 (   D:10 [

Portals:
Trove: D:10 (give 15 scrolls of teleportation)

Annotations:
D:6 eragonby's ghost, novice TrFi


Innate Abilities, Weirdness & Mutations

You have a pair of small antennae on your head.
You are surrounded by a moderate repulsion field (EV +3).
A weak demonic guardian rushes to your aid.
Your flesh is heat resistant.


Message History

You feel somewhat more hungry.
The hill giant hits you with a giant club.
You take 8 damage, and have 40/87 hp.
Press: ? - help, Shift-Dir - straight line The iron shot misses the hill giant.
You feel somewhat more hungry.
The hill giant hits you with a giant club!!
* * * LOW HITPOINT WARNING * * *
You block the hill giant's attack.
You take 25 damage, and have 15/87 hp.
MASSIVE DAMAGE!!
You now have 4/18 mp.
Zapping:
K - a wand of lightning {zapped: 5} (will waste charges)
Press: ? - help, Shift-Dir - straight line You hear a mighty clap of thunder!
The bolt of lightning hits the hill giant.
The hill giant is heavily wounded.
The bolt of lightning hits the hill giant.
The hill giant is severely wounded.
Evoking this partially-identified wand wasted a few charges.
You hear a shout! x4
The hill giant hits you with a giant club!!
You die...

..%# ##...#
#..%..# ###
#..%..%.# ##.##
#....%..####...##
.%......)##.%...##
.%.....)))C......#
..%.>..%5.#@....##
....%...))##...##
..........###.##
#.......#.###.#
#...%..%#.#...#
##..%..##.#.###
##.%.# ###.####
#... #....# .....
####.#


You could see a hill giant.

Vanquished Creatures
  An unseen horror (D:10)
  Pikel (D:8)
  A troll (D:9)
  3 wraiths
  6 yaks (D:7)
  2 hungry ghosts
  A hippogriff (D:8)
  3 wargs (D:11)
  2 ice beasts
  5 orc warriors
  A black bear (D:10)
  2 phantoms
  3 ogres
  4 centaurs
  A big kobold (D:8)
  A gnoll sergeant (D:10)
  A wyvern zombie (D:9)
  5 giant frogs
  A water moccasin zombie (D:10)
  2 scorpions
  3 troll zombies (D:9)
  5 killer bees (D:8)
  2 wights (D:4)
  2 howler monkeys
  A crimson imp (D:5)
  2 giant frog zombies
  2 jellies
  9 hounds
  A giant frog skeleton (D:4)
  4 orc priests
  8 orc wizards
  2 iguanas
  4 worker ants
  5 ogre zombies (D:9)
  A hound skeleton (D:10)
  A howler monkey skeleton (D:6)
  11 adders
  15 gnolls
  2 shadow imps
  An adder zombie (D:8)
  5 oozes
  2 adder skeletons
  7 worms
  4 dart slugs
  7 giant geckos
  29 orcs
  5 ball pythons
  7 giant cockroaches
  4 hobgoblins
  6 jackals
  5 kobolds
  3 quokkas
  12 bats
  A giant gecko skeleton (D:7)
  5 giant newts
  4 goblins
  A goblin skeleton (D:9)
  3 goblin zombies (D:9)
  A hobgoblin skeleton (D:9)
  2 hobgoblin zombies (D:9)
  2 jackal skeletons (D:6)
  A jackal zombie (D:7)
  3 orc skeletons (D:9)
  13 orc zombies (D:9)
  10 rats
269 creatures vanquished.

Vanquished Creatures (collateral kills)
  The ghost of PeterLawrence the Cudgeler, an amateur MiFi (D:4)
  A black bear (D:7)
  4 ogres
  A centaur (D:8)
  Blork the orc (D:4)
  A giant frog (D:6)
  A gnoll sergeant (D:5)
  A wight (D:4)
  2 crimson imps
  2 orc wizards
  2 iguanas
  A worker ant (D:5)
  A killer bee zombie (D:6)
  A hound zombie (D:7)
  2 gnolls (D:5)
  A shadow imp (D:8)
  A worm (D:4)
  A giant gecko (D:8)
  3 orcs
  A jackal (D:9)
  A goblin skeleton (D:9)
  A kobold (D:8)
  An orc zombie (D:9)
32 creatures vanquished.

Grand Total: 301 creatures vanquished

Notes
Turn   | Place    | Note
--------------------------------------------------------------
     0 | D:1      | beholder the Demonspawn Monk began the quest for the Orb.
     0 | D:1      | Reached XP level 1. HP: 18/18 MP: 1/1
   726 | D:1      | Gained mutation: You are surrounded by a mild repulsion field (EV +2). [demonic ancestry]
   726 | D:1      | Reached XP level 2. HP: 24/24 MP: 2/2
  1069 | D:1      | Reached XP level 3. HP: 23/29 MP: 3/3
  1773 | D:2      | Found a burning altar of Makhleb.
  1777 | D:2      | Gained mutation: A weak demonic guardian rushes to your aid. [demonic ancestry]
  1777 | D:2      | Reached XP level 4. HP: 34/38 MP: 4/4
  1785 | D:2      | Became a worshipper of Makhleb the Destroyer
  1785 | D:2      | Reached * piety under Makhleb
  1785 | D:2      | Reached ** piety under Makhleb
  2165 | D:3      | Found a sparkling altar of Nemelex Xobeh.
  2206 | D:3      | Reached skill level 1 in Invocations
  2289 | D:3      | Found a glowing drain.
  2300 | Sewer    | Entered a sewer
  2750 | Sewer    | Gained mutation: You have a pair of small antennae on your head. [demonic ancestry]
  2750 | Sewer    | Reached XP level 5. HP: 40/43 MP: 6/6
  2794 | Sewer    | Reached skill level 2 in Invocations
  2962 | Sewer    | Reached skill level 5 in Fighting
  3109 | Sewer    | Reached *** piety under Makhleb
  3263 | D:3      | Noticed a phantom
  3332 | D:3      | Killed a phantom
  3332 | D:3      | Reached skill level 3 in Invocations
  3524 | D:3      | Found an oddly glowing altar of Pakellas.
  3524 | D:3      | Noticed a wolf spider
  3638 | D:3      | Reached XP level 6. HP: 46/51 MP: 8/8
  4107 | D:4      | Noticed Blork the orc
  4214 | D:4      | Killed Blork the orc
  4214 | D:4      | Reached skill level 4 in Invocations
  4544 | D:4      | Reached skill level 5 in Invocations
  4694 | D:4      | Reached skill level 1 in Shields
  4694 | D:4      | Gained mutation: Your flesh is heat resistant. [demonic ancestry]
  4694 | D:4      | Reached XP level 7. HP: 59/59 MP: 10/10
  4893 | D:4      | Found Ygeraez's Antique Weapon Shop.
  4929 | D:4      | Reached **** piety under Makhleb
  5107 | D:4      | Found a shadowy altar of Dithmenos.
  5143 | D:4      | Noticed PeterLawrence's ghost (amateur MiFi)
  5155 | D:4      | Killed PeterLawrence's ghost
  5825 | D:5      | Entered Level 5 of the Dungeon
  6157 | D:5      | Reached XP level 8. HP: 15/67 MP: 6/11
  6780 | D:6      | Noticed eragonby's ghost (novice TrFi)
  7001 | D:6      | Reached skill level 1 in Maces & Flails
  7020 | D:6      | Found a basalt altar of Yredelemnul.
  7020 | D:6      | Found a shimmering altar of Xom.
  7667 | D:6      | Reached skill level 6 in Invocations
  7696 | D:6      | Found a white marble altar of Elyvilon.
  8109 | D:7      | Reached skill level 7 in Invocations
  8127 | D:7      | Reached XP level 9. HP: 26/74 MP: 8/14
  8943 | D:7      | Got a smoking scale mail
  8956 | D:7      | Identified the cursed +0 scale mail of Lies {rElec rF+} (You found it on level 7 of the Dungeon)
  8975 | D:7      | Reached skill level 8 in Invocations
  9121 | D:7      | Reached skill level 1 in Armour
  9128 | D:7      | Found a staircase to the Ecumenical Temple.
  9648 | D:7      | Reached skill level 5 in Dodging
  9740 | D:7      | Found an opulent altar of Gozag.
  9953 | D:7      | Found an ancient bone altar of Kikubaaqudgha.
 10167 | D:8      | Found a snail-covered altar of Cheibriados.
 10167 | D:8      | Found a deep blue altar of Sif Muna.
 10286 | D:4      | Bought a dazzling flail for 161 gold pieces
 10286 | D:4      | Identified the +9 flail "Morphaex" {crush, rN+ Str-5 Int+4} (You bought it in a shop on level 4 of the Dungeon)
 10468 | D:8      | Found a white marble altar of Elyvilon.
 10498 | D:8      | Noticed Pikel
 10514 | D:8      | Killed Pikel
 10514 | D:8      | Reached skill level 5 in Maces & Flails
 10514 | D:8      | Reached skill level 9 in Invocations
 10514 | D:8      | Reached XP level 10. HP: 80/80 MP: 16/16
 11262 | D:7      | Found a stormy altar of Qazlal.
 11374 | D:9      | Reached skill level 5 in Armour
 11384 | D:9      | Found a blossoming altar of Fedhas.
 11451 | D:9      | Found a blossoming altar of Fedhas.
 11563 | D:9      | Reached ***** piety under Makhleb
 11658 | D:9      | Reached skill level 10 in Invocations
 11990 | D:9      | Found a staircase to the Orcish Mines.
 12109 | D:9      | Got a bound bone ring
 12111 | D:9      | Identified the ring "Betozuun" {rC+ Str+3 SInv} (You found it on level 9 of the Dungeon)
 12367 | D:9      | Upgraded the game from 0.18-a0-1805-g8ab820f to 0.19-a0
 12383 | D:10     | Entered Level 10 of the Dungeon
 12645 | D:10     | Found a portal to a secret trove of treasure.
 12804 | D:10     | Found Jote's Armour Boutique.
 13221 | D:10     | Noticed an unseen horror
 13231 | D:10     | Killed an unseen horror
 13277 | D:11     | Found a staircase to the Lair.
 13285 | D:11     | Gained mutation: You are surrounded by a moderate repulsion field (EV +3). [demonic ancestry]
 13285 | D:11     | Reached XP level 11. HP: 87/87 MP: 13/18
 13291 | D:11     | Noticed a hill giant
 13304 | D:11     | Mangled by a hill giant

Vault maps used:
D:1:      nicolae_arrival_washed_ashore, minmay_ruptured
D:2:      makhleb_heckhound_becter, first_bread
D:3:      nemelex_deck, gammafunk_pakellas_cloud_experiment,
          portal_sewer_entry_d, minivault_11
D:4:      lemuel_doored_altar, serial_co_window_serial, co_window_paths_b,
          co_window_paths_a, co_window_of_opportunity_a, co_window_paths_a,
          co_window_of_opportunity_a, co_window_paths_a,
          co_window_of_opportunity_a, co_window_corner_ca,
          co_window_of_opportunity_b, co_window_cross_2, co_window_4corner_b,
          glass_columns_c, glass_columns_b, glass_columns_a, glass_columns_c,
          glass_columns_a, serial_shops, nicolae_shop_behind_doors,
          uniq_blork_the_orc
D:6:      kennysheep_mini, gammafunk_temple_overflow_elements
D:7:      marbit_many_paths, nicolae_overflow_hidden_temple, lemuel_round_altar,
          minmay_temple_entry_trees
D:8:      amethyst_overflow_temple_binary, elyvilon_altar_1, uniq_pikel
D:9:      lemuel_round_altar, zombieorc2_lemuel, hangedman_tree_tricks
D:10:     serial_shops, shop, nicolae_trove_entry_crossroad
D:11:     erik_lair_orcish_takeover, serial_shops, shop
Sewer:    sewer_fruit_machine

Skill      XL: |  1  2  3  4  5  6  7  8  9 10 |
---------------+-------------------------------+-----
Dodging        | 3 5 |  5.0
Unarmed Combat | 4 |  4.0
Fighting       | 4 5 6 7 8 |  8.9
Invocations    | 1 3 5 7 9 10 | 10.0
Shields        | 1 3 4 |  4.4
Maces & Flails | 3 5 6 |  6.9
Armour         | 4 6 |  6.5
Stealth        | |  1.7

Action                   |  1- 3 |  4- 6 |  7- 9 | 10-12 || total
-------------------------+-------+-------+-------+-------++-------
Melee: Unarmed           |   116 |   251 |       |       ||   367
       Punch             |       |     7 |     4 |       ||    11
       Whip              |       |    96 |   360 |     8 ||   464
       Flail             |       |       |    49 |   223 ||   272
Throw: Javelin           |     7 |    17 |    17 |     1 ||    42
Invok: Minor Destruction |       |    18 |   199 |     1 ||   218
       Lesser Servant of |       |     1 |     9 |     2 ||    12
       Major Destruction |       |       |    19 |     7 ||    26
Evoke: Deck              |       |     1 |     4 |       ||     5
       Wand              |       |       |       |    19 ||    19
  Use: Potion            |     1 |     2 |     3 |       ||     6
       Scroll            |     1 |    10 |     5 |     1 ||    17
 Stab: Sleeping          |     1 |     2 |     1 |       ||     4
       Distracted        |     1 |       |     1 |       ||     2
  Eat: Chunk             |     3 |    10 |    19 |    12 ||    44
       Meat ration       |       |       |     2 |       ||     2
Armor: Robe              |     6 |    63 |    48 |       ||   117
       Skin              |     1 |       |       |       ||     1
       Chain mail        |    21 |       |       |       ||    21
       Scale mail        |       |       |    44 |    57 ||   101
Dodge: Dodged            |    56 |   361 |   358 |   145 ||   920
Block: Buckler           |       |       |   109 |    86 ||   195
